 Dungeon Crawl Stone Soup version 0.28.0-45-g0d030f2227 (webtiles) character file.

Game seed: 9835310680112154990

21359 issech the Basher (level 12, -3/107 HPs)
             Began as a Troll Monk on Apr 20, 2022.
             Was an Elder of Hepliaklqana.
             Slain by a fire elemental (5 damage)
             ... led by Azrael
             ... on level 12 of the Dungeon.
             The game lasted 01:02:43 (11526 turns).

issech the Basher (Troll Monk)                     Turns: 11526, Time: 01:02:44

Health: -3/107     AC: 26    Str: 28    XL:     12   Next: 53%
Magic:  11/11      EV:  4    Int:  6    God:    Hepliaklqana [****..]
Gold:   757        SH: 10    Dex: 16    Spells: 11/11 levels left

rFire   + . .      SeeInvis .   p - +1 morningstar (protect)
rCold   + . .      Faith    .   q - +0 kite shield
rNeg    . . .      Spirit   .   a - +1 gold dragon scales
rPois   +          Reflect  .   (helmet restricted)
rElec   .          Harm     .   C - +0 cloak
rCorr   .          Rampage  .   (gloves unavailable)
Will    +....                   (boots unavailable)
Stlth   ..........              (no amulet)
HPRegen 1.07/turn               V - ring of willpower
MPRegen 0.12/turn               W - +6 ring of strength

@: under a protective aura
A: reduced essence, large, unfitting armour, claws 3, regeneration 1, shaggy fur
1, tough skin 1
a: Renounce Religion, Recall Ancestor, Ancestor Identity, Transference, Idealise


You were on level 12 of the Dungeon.
You worshipped Hepliaklqana.
Hepliaklqana was greatly pleased with you.
You visited 2 branches of the dungeon, and saw 13 of its levels.
You visited the Abyss 1 time.
You also visited: Bailey.

You collected 757 gold pieces.

Inventory:

Hand Weapons
 p - a +1 morningstar of protection (weapon)
 u - the +6 hunting sling "Ytoigh" {venom, Int+4}
   (You took it off a hobgoblin on level 4 of the Dungeon)

   Any ammunition fired from it poisons the flesh of those it strikes.
   Int:       It affects your intelligence (+4).
 x - a +3 scimitar of flaming
 R - a +2 antimagic hand axe
 U - the +7 mace of Variability {chain chaos}
   (You found it on level 10 of the Dungeon)

   Each time it hits an enemy it has a different, random effect.
   It occasionally unleashes arcs of chaos on nearby creatures upon striking a
   foe.
 Y - a +2 short sword of distortion
 Z - a +1 war axe of electrocution
Missiles
 b - 6 large rocks (quivered)
 c - 461 stones
 e - 15 boomerangs
 j - 91 arrows
 l - 3 throwing nets
 m - 7 curare-tipped darts
 t - 94 sling bullets
 w - 18 bolts
 D - 33 poisoned darts
 F - 4 datura-tipped darts
 G - 4 atropa-tipped darts
 L - 2 silver javelins
Armour
 a - +1 gold dragon scales (worn)
 i - a +0 troll leather armour
 q - a +0 kite shield (worn)
 C - a +0 cloak (worn)
 Q - a +0 robe of cold resistance
Jewellery
 V - a ring of willpower (left claw)
 W - a +6 ring of strength (right claw)
Wands
 v - a wand of mindburst (9)
 B - a wand of iceblast (9)
 O - a wand of polymorph (3)
 S - a wand of flame (7)
Scrolls
 f - 2 scrolls of silence
 o - 2 scrolls of noise {unknown}
 y - a scroll of magic mapping
 E - a scroll of amnesia
 T - 2 scrolls of identify
Potions
 d - 6 potions of attraction {unknown}
 g - 9 potions of curing {unknown}
 h - 2 potions of degeneration {unknown}
 k - a potion of invisibility {unknown}
 r - 2 potions of magic {unknown}
 s - a potion of might {unknown}
 z - 3 potions of mutation {unknown}
 A - a potion of haste {unknown}
 H - a potion of ambrosia {unknown}
 I - a potion of lignification {unknown}
 J - a potion of cancellation {unknown}
Miscellaneous
 n - a lightning rod (4/4)
 K - a lightning rod (4/4)


   Skills:
 + Level 8.0 Fighting
 + Level 12.1 Maces & Flails
 + Level 1.1(1.9) Slings
 + Level 3.0(3.3) Throwing
 + Level 6.4 Armour
 + Level 5.7 Dodging
 + Level 2.9 Stealth
 + Level 6.9 Shields


You had 11 spell levels left.
You didn't know any spells.
Your spell library contained the following spells:

 Spells                   Type           Power      Damage    Failure   Level
 Animate Skeleton         Necr           0%         N/A       100%        1
 Pain                     Necr           0%         1d4       100%        1
 Call Canine Familiar     Summ           0%         N/A       100%        3
 Gell's Gravitas          Tloc           0%         N/A       100%        3
 Lesser Beckoning         Tloc           0%         N/A       100%        3
 Portal Projectile        Hex/Tloc       0%         N/A       100%        3
 Teleport Other           Tloc           0%         N/A       100%        3
 Vampiric Draining        Necr           0%         2d6       100%        3
 Leda's Liquefaction      Hex/Erth       0%         N/A       100%        4
 Summon Lightning Spire   Summ/Air       0%         N/A       100%        4
 Storm Form               Tmut/Air       0%         N/A       100%        7
 Maxwell's Capacitive Co  Air            0%         ∞         100%        8


Dungeon Overview and Level Annotations

Branches:
Dungeon (12/15)            Temple (1/1) D:7            Lair (0/6) D:11
    Orc (0/2) D:12         Bailey (visited)

Altars:
Ashenzari
Cheibriados
Dithmenos
Elyvilon
Fedhas
Gozag
Hepliaklqana
Kikubaaqudgha
Makhleb
Nemelex Xobeh
Okawaru
Qazlal
Ru
Sif Muna
Trog
Uskayaw
Vehumet
Wu Jian
Xom
Yredelemnul
Zin
The Shining One

Shops:
D:5 [   D:9 (

Annotations:
D:12 Azrael


Innate Abilities, Weirdness & Mutations

Your life essence is reduced to manifest your ancestor. (-10% HP)
You are too large for most types of armour.
You have claws for hands.
Your natural rate of healing is unusually fast.
You are covered in fur. (AC +1)
You have tough skin. (AC +1)


Message History

Azrael is moderately wounded.
You are covered in liquid flames!
You block the hell hound's attack.
Azrael hits you with a +0 scimitar of flaming!
Azrael burns you. The fire elemental hits you. The fire elemental burns you!
You resist.
The fire elemental hits Fikile.
The fire elemental burns Fikile!
Fikile resists.
Fikile is destroyed!
You sock Azrael!
Azrael is heavily wounded.
You are covered in liquid flames!
The hell hound bites you but does no damage.
The fire elemental hits you. The fire elemental burns you! You resist.
Azrael gestures at you.
The sticky flame hits you but does no damage.
You are covered in liquid flames!
The fire elemental hits you. The fire elemental burns you! You resist.
You block the hell hound's attack.
You barely miss Azrael.
Azrael is heavily wounded.
You are covered in liquid flames!
* * * LOW HITPOINT WARNING * * *
The fire elemental hits you. The fire elemental burns you! You resist.
* * * LOW HITPOINT WARNING * * *
You block the fire elemental's attack. You block the hell hound's attack.
Azrael hits you with a +0 scimitar of flaming!
* * * LOW HITPOINT WARNING * * *
Azrael burns you.
* * * LOW HITPOINT WARNING * * *
The fire elemental hits you. The fire elemental burns you! You resist.
* * * LOW HITPOINT WARNING * * *
You are covered in liquid flames!
* * * LOW HITPOINT WARNING * * *
The fire elemental hits you. The fire elemental burns you! You resist.
* * * LOW HITPOINT WARNING * * *
Azrael hits you with a +0 scimitar of flaming.
* * * LOW HITPOINT WARNING * * *
The hell hound bites you but does no damage.
The fire elemental hits you. The fire elemental burns you! You resist.
You die... .♣ ♣.##.♣♣...♣P..####.♣♣§.♣♣ # ♣♣.....♣..♣♣♣P.♣♣..♣♣.♣§♣P.♣♣ PP#

♣....♣. .P♣..........P§♣♣.P.♣....
♣.♣..♣. ......P.#...#........♣
..♣.♣♣♣ .♣..P............♣..♣♣♣ ♣
♣♣ P ..♣...#..._...#..P♣...♣♣. .
♣. ♣.................♣..P... . .♣
P......#R.○#○..♣..♣..♣.♣ ♣ ♣.♣
♣...8.@h♣○♣°.....♣♣..P♣ .P
§♣♣♣.P♣EEE○.♣.♣...P♣.P.. .♣
♣..♣..♣....♣..PP♣♣...♣ P.♣ ♣♣♣♣P♣
♣.§♣P♣.♣♣.§♣♣.♣♣♣♣.P.♣ ♣P♣
♣(♣.♣♣♣♣§♣♣♣♣....♣.♣..PP♣.♣.P♣♣..
♣P♣♣.P♣≈♣§♣...♣♣♣....P.♣♣♣♣.P....
.....♣§§♣♣..♣.#♣.♣......# ......
......§######.# ####.### #.....
.......######.# ##.## ####.


You could see Azrael, 3 fire elementals and a hell hound.

Vanquished Creatures
  Josephine (D:10)
  A hydra (D:11)
  A boulder beetle (D:11)
  Harold (D:10)
  2 two-headed ogres
  A deep elf pyromancer (D:12)
  A cyclops (D:12)
  Maurice (D:10)
  A manticore (D:12)
  A gargoyle (D:11)
  An efreet (D:11)
  A troll (D:11)
  2 hornets (D:9)
  Prince Ribbit (D:5)
  A vampire (D:9)
  A wraith (D:10)
  2 yaks (D:10)
  3 chaos spawn
  6 vampire mosquitoes
  3 water moccasins
  2 ice beasts
  6 orc warriors
  A black bear (D:6)
  A necrophage (D:4)
  5 ogres
  A centaur (D:12)
  3 phantoms
  4 bullfrogs
  4 kobold brigands (Bailey)
  A scorpion (D:6)
  A gnoll sergeant (D:11)
  A wyvern skeleton (D:7)
  A water moccasin skeleton (D:6)
  7 killer bees
  An electric eel (D:10)
  2 howler monkeys
  A jelly (D:6)
  2 centaur zombies
  A bullfrog zombie (D:6)
  2 hounds (D:4)
  2 orc priests
  A centaur skeleton (D:5)
  2 iguanas
  Ijyb (D:5)
  A scorpion zombie (D:5)
  5 orc wizards
  4 hell rats (D:12)
  A hound zombie (D:5)
  2 howler monkey zombies
  6 gnolls
  8 adders
  A howler monkey skeleton (D:5)
  4 white imps
  A worm (D:5)
  2 dart slugs
  38 orcs
  4 endoplasms
  4 giant cockroaches (D:2)
  5 goblins
  10 hobgoblins
  5 jackals
  3 quokkas
  6 ball pythons
  5 bats
  3 frilled lizards
  6 kobolds
  3 rats
212 creatures vanquished.

Vanquished Creatures (collateral kills)
  A boulder beetle (D:12)
  2 two-headed ogres
  Erica (D:8)
  Sonja (D:10)
  A cyclops (D:11)
  A centaur zombie (D:10)
  A gargoyle (D:10)
  A kobold demonologist (D:9)
  A yaktaur (D:11)
  3 trolls
  A meliai zombie (D:10)
  A shadow (D:11)
  A fire elemental (D:12)
  3 yaks
  2 wraiths (D:10)
  A vampire mosquito (D:11)
  3 steam dragons
  A chaos spawn (D:10)
  5 water moccasins
  2 orc warriors
  A black bear (D:11)
  An ogre (D:12)
  A centaur (D:10)
  3 kobold brigands
  2 gnoll sergeants (D:12)
  3 bullfrogs
  A water moccasin skeleton (D:7)
  7 killer bees
  3 electric eels (D:10)
  A howler monkey (D:8)
  A crimson imp (D:8)
  An orc priest (D:11)
  5 orc wizards
  A howler monkey zombie (D:7)
  3 gnolls
  A white imp (D:8)
  20 orcs
  9 kobolds (Bailey)
97 creatures vanquished.

Vanquished Creatures (others)
  A komodo dragon (D:12)
  9 battlemagi
  42 fungi
  75 plants
127 creatures vanquished.

Grand Total: 436 creatures vanquished

Notes
Turn   | Place    | Note
-------+----------+-------------------------------------------
     0 | D:1      | issech the Troll Monk began the quest for the Orb.
     0 | D:1      | Reached XP level 1. HP: 22/22 MP: 0/0
   334 | D:1      | Reached XP level 2. HP: 29/29 MP: 1/1
   797 | D:2      | Reached skill level 3 in Maces & Flails
   801 | D:2      | Reached XP level 3. HP: 12/36 MP: 2/2
  1092 | D:2      | Reached XP level 4. HP: 40/44 MP: 3/3
  1275 | D:2      | Found a faded altar of an unknown god.
  1403 | D:2      | Cast into level 1 of the Abyss (orc)
  1450 | Abyss:1  | Noticed an ancient zyme
  1526 | Abyss:1  | Noticed a small abomination
  1537 | D:2      | Escaped the Abyss
  1931 | D:3      | Reached skill level 4 in Maces & Flails
  1982 | D:3      | Reached XP level 5. HP: 48/52 MP: 4/4
  2717 | D:4      | Identified the +6 hunting sling "Ytoigh" {venom, Int+4}
  2954 | D:4      | Noticed a phantom
  2964 | D:4      | Killed a phantom
  2965 | D:4      | Reached XP level 6. HP: 57/61 MP: 5/5
  3068 | D:4      | Reached skill level 1 in Shields
  3072 | D:5      | Entered Level 5 of the Dungeon
  3072 | D:5      | Noticed an ice beast
  3092 | D:4      | Killed an ice beast
  3093 | D:4      | Reached skill level 5 in Maces & Flails
  3142 | D:5      | Reached XP level 7. HP: 67/67 MP: 6/6
  3435 | D:5      | Identified the +0 pair of boots "Cess" {rElec rC+}
  3528 | D:5      | Found Pezxauwopp's Armour Shop.
  3656 | D:5      | Noticed Prince Ribbit
  3657 | D:5      | Noticed Ijyb
  3701 | D:5      | Killed Prince Ribbit
  3702 | D:5      | Reached skill level 6 in Maces & Flails
  3702 | D:5      | Reached skill level 1 in Slings
  3702 | D:5      | Reached XP level 8. HP: 63/78 MP: 7/7
  3934 | D:5      | Killed Ijyb
  4623 | D:6      | Found a stormy altar of Qazlal.
  4640 | D:6      | Reached skill level 7 in Maces & Flails
  4927 | D:6      | Reached skill level 5 in Fighting
  5201 | D:7      | Found a staircase to the Ecumenical Temple.
  5224 | Temple   | Entered the Ecumenical Temple
  5405 | Temple   | Became a worshipper of Hepliaklqana the Forgotten
  5405 | Temple   | Reached * piety under Hepliaklqana
  5405 | Temple   | Reached ** piety under Hepliaklqana
  5406 | Temple   | Remembered your ancestor Fikile as a battlemage
  5460 | D:7      | Reached XP level 9. HP: 79/79 MP: 8/8
  5660 | D:7      | Reached skill level 1 in Throwing
  5660 | D:7      | Reached skill level 5 in Dodging
  6014 | D:8      | Reached skill level 8 in Maces & Flails
  6644 | D:8      | Noticed a two-headed ogre
  6652 | D:8      | Killed a two-headed ogre
  6736 | D:8      | Reached skill level 9 in Maces & Flails
  6806 | D:8      | Identified the -4 pair of boots of Boredom {rCorr}
  6862 | D:8      | Noticed Erica
  6875 | D:8      | Killed Erica
  6876 | D:8      | Reached XP level 10. HP: 40/88 MP: 9/9
  7200 | D:9      | Identified a scroll of acquirement
  7200 | D:9      | Acquired +1 gold dragon scales
  7271 | D:9      | Found Qaemoeplis's Weapon Emporium.
  7335 | D:9      | Found a flagged portal.
  7347 | Bailey   | Entered a bailey
  7502 | Bailey   | Found a bloodstained altar of Trog.
  7722 | D:9      | Reached skill level 1 in Armour
  7883 | D:9      | Noticed a rust devil
  7887 | D:9      | Noticed a rust devil
  7902 | D:9      | Reached skill level 10 in Maces & Flails
  8160 | D:9      | Noticed a two-headed ogre
  8210 | D:9      | Killed a two-headed ogre
  8347 | D:10     | Entered Level 10 of the Dungeon
  8361 | D:10     | Noticed Sonja
  8369 | D:10     | Killed Sonja
  8430 | D:10     | Found a shimmering altar of Xom.
  8430 | D:10     | Found the +7 mace of Variability {chain chaos}
  8433 | D:10     | Noticed Harold
  8461 | D:10     | Reached XP level 11. HP: 81/96 MP: 10/10
  8685 | D:10     | Noticed a two-headed ogre
  8695 | D:10     | Killed a two-headed ogre
  8786 | D:10     | Reached skill level 5 in Shields
  8863 | D:10     | Reached *** piety under Hepliaklqana
  8914 | D:10     | Killed Harold
  9001 | D:10     | Noticed a two-headed ogre
  9014 | D:10     | Killed a two-headed ogre
  9039 | D:10     | Noticed Maurice
  9050 | D:10     | Killed Maurice
  9132 | D:10     | Noticed Josephine
  9141 | D:10     | Killed Josephine
  9142 | D:10     | Reached skill level 11 in Maces & Flails
  9142 | D:10     | Reached skill level 5 in Armour
  9793 | D:11     | Noticed a boulder beetle
  9825 | D:11     | Killed a boulder beetle
 10088 | D:11     | Found a staircase to the Lair.
 10168 | D:11     | Reached XP level 12. HP: 94/106 MP: 11/11
 10451 | D:11     | Noticed a five-headed hydra
 10458 | D:11     | Killed a five-headed hydra
 10487 | D:11     | Noticed a boulder beetle
 10487 | D:11     | Noticed a boulder beetle
 10536 | D:11     | Noticed a death knight
 10693 | D:12     | Reached **** piety under Hepliaklqana
 10922 | D:12     | Found a staircase to the Orcish Mines.
 10960 | D:12     | Noticed a boulder beetle
 10978 | D:12     | Killed a boulder beetle
 10984 | D:12     | Reached skill level 12 in Maces & Flails
 11284 | D:12     | Found a hazy altar of Hepliaklqana.
 11382 | D:12     | Noticed a two-headed ogre
 11398 | D:12     | Noticed a two-headed ogre
 11404 | D:12     | Noticed a centaur warrior
 11511 | D:12     | Noticed Azrael
 11526 | D:12     | HP: 3/107 [fire elemental[Azrael] (5)]
 11526 | D:12     | Slain by a fire elemental

Illustrated notes

Levels and vault maps discovered:
D:1:      minmay_arrival_open_corners, layout_basic
D:2:      layout_rooms, shapermc_ecumenical_altar_mp_ritualfount
D:3:      layout_loops_cross
D:4:      layout_loops_cross
D:5:      layout_gridville, serial_shops, nicolae_square_shop,
          uniq_prince_ribbit1, uniq_ijyb
D:6:      layout_gridville, nicolae_qazlal_scattered_showers,
          hangedman_decor_diamond_cutter, minmay_misc_feat_x,
          lemuel_flame_loot_1
D:7:      layout_rooms, minmay_temple_entry_offerings
D:8:      kennysheep_steamy, layout_loops_ring, special_room [special_room_orc],
          dk_noncrumbling_2, minmay_fire_ice_demons, uniq_erica
D:9:      layout_rooms, serial_shops, shop, enter_bailey_2, evilmike_butchery
D:10:     layout_basic, kennysheep_decorative_pillar,
          minmay_guarded_unrand_variability, uniq_maurice, uniq_sonja,
          uniq_josephine, uniq_harold
D:11:     nzn_winding_woodlands_stair_cross [nzn_winding_woodlands_5x15_pockets,
          nzn_winding_woodlands_center_lodge,
          nzn_winding_woodlands_5x15_concentric,
          nzn_winding_woodlands_hourglass, nzn_winding_woodlands_5x5_cross,
          nzn_winding_woodlands_5x15_pathside_ponds,
          nzn_winding_woodlands_center_pierced_h,
          nzn_winding_woodlands_5x15_longhouse], layout_stronghold,
          due_lair_maze_entry_diamond
D:12:     wad_woods_stonehenge, layout_cave_pods,
          kennysheep_orc_monster_closet_entryway, serial_shops, shop,
          okawaru_ov_weapons_minmay, uniq_azrael
Temple:   minmay_crystal_snake_temple

Skill      XL: |  1  2  3  4  5  6  7  8  9 10 11 12 |
---------------+-------------------------------------+-----
Maces & Flails | 3 4 5 6 7 9 10 11 12 | 12.1
Dodging        | 3 4 5 |  5.7
Fighting       | 3 4 5 6 7 8 |  8.0
Shields        | 1 2 3 4 6 |  6.9
Slings         | 1 |  1.1
Throwing       | 1 2 3 |  3.0
Stealth        | 2 |  2.9
Armour         | 3 5 6 |  6.4

Action                   |  1- 3 |  4- 6 |  7- 9 | 10-12 || total
-------------------------+-------+-------+-------+-------++-------
Melee: Mace              |   123 |    23 |       |       ||   146
       Punch             |     1 |       |       |       ||     1
       Flail             |       |    37 |       |       ||    37
       Morningstar       |       |    93 |   296 |   447 ||   836
 Fire: Hunting sling     |       |    10 |       |     1 ||    11
Throw: Stone             |     3 |     2 |     2 |       ||     7
       Boomerang         |       |       |    12 |    30 ||    42
       Large rock        |       |       |       |     5 ||     5
Invok: Ancestor Life: Ba |       |       |     1 |       ||     1
  Use: Scroll            |       |       |       |    15 ||    15
 Stab: Sleeping          |       |     1 |     1 |       ||     2
       Distracted        |       |       |     3 |     7 ||    10
Armor: Robe              |    85 |    60 |    61 |     1 ||   207
       Gold dragon scale |       |       |       |   464 ||   464
Dodge: Dodged            |   131 |    85 |   111 |    62 ||   389
Block: Kite shield       |       |    32 |   125 |   322 ||   479
